Barracuda vs Condors
(R1)
Created - June 7, 2022 at 21:14
Goals
|
| Barracuda |
1 |
0 |
4 |
5 |
| Condors |
1 |
0 |
0 |
1 |
|
Shots
|
| Barracuda |
11 |
10 |
11 |
32 |
| Condors |
7 |
14 |
10 |
31 |
|
1st period
1. Condors , Daniel Zaar 29 (Tyler Bozak 49) at 1:49 (PP)
2. Barracuda , Emil Pettersson 29 (Markus Nutivaara 68) at 5:46
Penalties :
Mario Lucia (S.J) for Hooking (Minor) at 1:45, Alexandre Carrier (Bak) for Roughing (Minor) at 9:47
2nd period
No Goal
Penalties :
Brandon Kozun (S.J) for Holding (Minor) at 0:21, Anton Slepyshev (Bak) for High sticking (Minor) at 6:23, Markus Nutivaara (S.J) for Interference (Minor) at 13:39, Theodor Blueger (S.J) for Tripping (Minor) at 18:24
3rd period
3. Barracuda , Alex Iafallo 38 (Markus Nutivaara 69, Theodor Blueger 23) at 0:45 (PP)
4. Barracuda , Brandon Kozun 21 (Markus Nutivaara 70, Sam Carrick 66) at 0:52
5. Barracuda , Mario Lucia 7 (Eric Gustafsson 28, Robin Norell 12) at 18:33
6. Barracuda , Theodor Blueger 20 (Cole Ully 27, Markus Nutivaara 71) at 19:34
Penalties :
Tyler Bozak (Bak) for Cross-checking (Minor) at 0:21, Carl Gunnarsson (Bak) for Roughing (Minor) at 1:14, Kiefer Sherwood (Bak) for Cross-checking (Minor) at 5:44, Phil McRae (Bak) for Slashing (Minor) at 10:55
Goalie Stats
Joacim Eriksson (S.J), 30 saves from 31 shots - (0.968), W, 26-21-3, 60:00 minutes
Carter Hart (Bak), 27 saves from 32 shots - (0.844), L, 31-20-0, 60:00 minutes
Players Stats for Barracuda
Player Name G A P +/- PIM S H SB GA TA FO MP PP MP PK MP
------------------------------------------------------------------------------------
Alex Henriksson 0 0 0 1 0 3 1 1 2 0 0/1 10:30 0:00 0:51
Alex Iafallo 1 0 1 1 0 4 0 0 0 1 3/8 21:47 5:48 3:24
Alex Lintuniemi 0 0 0 0 0 0 0 0 0 0 0/0 6:41 0:00 0:00
Brandon Kozun 1 0 1 1 2 2 6 0 0 1 1/2 19:06 5:26 1:05
Chris Wagner 0 0 0 1 0 0 0 0 0 0 0/0 11:31 0:00 0:00
Cole Ully 0 1 1 1 0 0 1 0 1 0 0/0 11:31 0:00 0:00
David Shields 0 0 0 0 0 1 1 2 0 0 0/0 19:33 4:37 2:41
Dennis Cholowski 0 0 0 0 0 0 0 0 0 0 0/0 6:41 0:00 0:00
Drew O'Connor 0 0 0 0 0 0 0 0 0 0 0/0 1:46 0:00 1:10
Emil Pettersson 1 0 1 1 0 3 1 0 0 0 5/8 14:27 4:19 0:20
Eric Gustafsson 0 1 1 4 0 1 2 1 0 1 0/0 24:37 5:40 3:18
Jaedon Descheneau 0 0 0 0 0 0 0 0 0 0 0/0 0:00 0:00 0:00
Jerome Gauthier-Leduc 0 0 0 0 0 0 0 1 0 0 0/0 9:54 0:00 0:45
Justin Shugg 0 0 0 1 0 2 1 0 0 0 0/0 14:28 4:29 0:00
Mario Lucia 1 0 1 1 2 2 1 0 1 0 0/0 8:59 0:00 0:00
Markus Nutivaara 0 4 4 4 2 5 2 2 0 1 0/0 24:27 5:40 2:33
Noah Gregor 0 0 0 1 0 0 1 0 1 0 1/2 9:00 0:00 0:00
Robin Norell 0 1 1 0 0 0 0 1 0 2 0/0 9:09 0:00 0:00
Sam Carrick 0 1 1 1 0 2 5 0 1 0 12/17 21:47 5:48 3:24
Samuel Groulx 0 0 0 0 0 1 0 0 0 1 0/0 19:33 4:37 2:41
Tanner Jeannot 0 0 0 0 0 0 0 0 0 0 0/0 0:24 0:10 0:00
Theodor Blueger 1 1 2 1 2 2 0 0 1 0 1/3 11:52 0:22 0:00
Thomas Gobeil 0 0 0 0 0 0 0 0 0 0 0/0 0:00 0:00 0:00
William Carrier 0 0 0 1 0 4 2 0 0 0 0/1 16:12 4:29 1:44
Players Stats for Condors
Player Name G A P +/- PIM S H SB GA TA FO MP PP MP PK MP
------------------------------------------------------------------------------------
Adam Erne 0 0 0 -1 0 1 4 0 1 0 0/0 12:29 2:24 0:00
Alexandre Carrier 0 0 0 -1 2 1 0 0 0 2 0/0 15:16 0:00 1:13
Anton Slepyshev 0 0 0 0 2 0 3 1 0 0 0/0 19:28 3:35 4:35
Brett Lernout 0 0 0 -2 0 0 0 1 0 0 0/0 18:11 2:35 0:15
Carl Gunnarsson 0 0 0 -2 2 4 2 1 1 1 0/0 24:09 3:24 4:27
Chris Bigras 0 0 0 -1 0 1 0 1 0 0 0/0 20:02 3:24 3:57
Christian Thomas 0 0 0 0 0 4 1 0 0 1 0/0 11:15 0:00 2:23
Daniel Zaar 1 0 1 -3 0 2 1 0 0 0 0/0 15:09 3:35 0:00
Gustav Olofsson 0 0 0 -1 0 0 0 0 0 0 0/0 7:56 0:00 1:09
Jesse Puljujarvi 0 0 0 0 0 1 0 1 0 1 0/0 11:13 0:00 0:00
Kiefer Sherwood 0 0 0 0 2 0 0 0 3 1 0/0 9:56 0:00 0:00
Louis Leblanc 0 0 0 0 0 0 3 2 0 0 1/2 11:02 0:00 2:03
Mark Jankowski 0 0 0 -3 0 5 1 1 0 1 6/13 17:37 2:24 2:23
Phil McRae 0 0 0 -1 2 6 1 1 2 0 5/10 15:30 0:00 4:48
Philippe Myers 0 0 0 0 0 0 0 1 0 0 0/0 13:52 0:00 5:00
Robby Fabbri 0 0 0 -3 0 2 3 0 0 0 0/4 19:55 2:24 4:02
Scott Mayfield 0 0 0 -1 0 2 1 0 0 0 0/0 20:48 2:35 4:33
Tyler Bozak 0 1 1 0 2 2 1 0 0 0 7/13 14:21 3:34 0:00
Tyson Jost 0 0 0 -1 0 0 0 1 0 0 0/0 11:26 0:00 0:20
3 Stars
1 - Markus Nutivaara (S.J)
2 - Joacim Eriksson (S.J)
3 - Eric Gustafsson (S.J)
Power Play
Barracuda - 1 on 6 Attempt(s) - 16.67%
Condors - 1 on 4 Attempt(s) - 25.00%
Penalty Kill
Barracuda - 3 on 4 Attempt(s) - 75.00%
- Score 0 goal in Penalty Kill
Condors - 5 on 6 Attempt(s) - 83.33%
- Score 0 goal in Penalty Kill
Team Stat
Barracuda - Hits : 24 - Faceoff Wins : 23 - Blocked Shots : 8 - Penalty Minutes : 8
Condors - Hits : 21 - Faceoff Wins : 19 - Blocked Shots : 11 - Penalty Minutes : 12
Official
Referees : Steve Kozari and Beaudry Halkidis
Linesman : Vaughan Rody and Tony Sericolo
Game Notes
No Game Note
Finance
Level 1 -- Attendance: 1817 (90.85%) -- Ticket Income $63,595
Level 2 -- Attendance: 919 (91.90%) -- Ticket Income $13,785
Total Attendance: 2736 (91.20%)
Total Ticket Income: $77,380
Other Income: $3,869
Total Income: $81,249
Barracuda
5 vs 5 Forward
Center Left Wing Right Wing Time % Phy DF OF
1 Sam Carrick Alex Iafallo Brandon Kozun 40 1 2 2
2 Emil Pettersson William Carrier Justin Shugg 30 1 2 2
3 Theodor Blueger Cole Ully Chris Wagner 20 1 2 2
4 Noah Gregor Alex Henriksson Mario Lucia 10 1 2 2
5 vs 5 Defense
Defense Defense Time % Phy DF OF
1 Markus Nutivaara Eric Gustafsson 40 1 2 2
2 Samuel Groulx David Shields 30 1 2 2
3 Robin Norell Jerome Gauthier-Leduc 20 1 2 2
4 Alex Lintuniemi Dennis Cholowski 10 1 2 2
PowerPlay Forward
Center Left Wing Right Wing Time % Phy DF OF
1 Sam Carrick Alex Iafallo Brandon Kozun 60 1 2 2
2 Emil Pettersson William Carrier Justin Shugg 40 1 2 2
PowerPlay Defense
Defense Defense Time % Phy DF OF
1 Markus Nutivaara Eric Gustafsson 60 1 2 2
2 Samuel Groulx David Shields 40 1 2 2
Penalty Kill 4 Players Forward
Center Wing Time % Phy DF OF
1 Alex Iafallo Sam Carrick 60 1 2 2
2 Brandon Kozun William Carrier 40 1 2 2
Penalty Kill 4 Players Defense
Defense Defense Time % Phy DF OF
1 Markus Nutivaara Eric Gustafsson 60 1 2 2
2 Samuel Groulx David Shields 40 1 2 2
Penalty Kill - 3 Players Forward
Forward Time % Phy DF OF
1 Alex Iafallo 60 1 2 2
2 Sam Carrick 40 1 2 2
Penalty Kill - 3 Players Defense
Defense Defense Time % Phy DF OF
1 Markus Nutivaara Eric Gustafsson 60 1 2 2
2 Samuel Groulx David Shields 40 1 2 2
4 vs 4 Forward
Center Wing Time % Phy DF OF
1 Alex Iafallo Sam Carrick 60 1 2 2
2 Brandon Kozun William Carrier 40 1 2 2
4 vs 4 Defense
Defense Defense Time % Phy DF OF
1 Markus Nutivaara Eric Gustafsson 60 1 2 2
2 Samuel Groulx David Shields 40 1 2 2
Last Minutes Offensive
Center Left Wing Right Wing Defense Defense
Sam Carrick Alex Iafallo Brandon Kozun Markus Nutivaara Eric Gustafsson
Last Minutes Defensive
Center Left Wing Right Wing Defense Defense
Sam Carrick Alex Iafallo Brandon Kozun Markus Nutivaara Eric Gustafsson
Goaltenders
Starting : Joacim Eriksson
Backup : Oscar Dansk
Extra Forwards
Normal : Tanner Jeannot, Thomas Gobeil, Drew O'Connor - PP : Tanner Jeannot, Thomas Gobeil - PK : Drew O'Connor
Extra Defensemen
Normal : Robin Norell, Jerome Gauthier-Leduc, Alex Lintuniemi - PP : Robin Norell - PK : Jerome Gauthier-Leduc, Alex Lintuniemi
Penalty Shots
Alex Iafallo, Sam Carrick, Brandon Kozun, William Carrier, Emil Pettersson
Scratches
Arturs Kulda (Right Hand Injury), Dmitrij Jaskin (Right Ankle Injury), Kevin Lankinen (Healthy)
Condors
5 vs 5 Forward
Center Left Wing Right Wing Time % Phy DF OF
1 Mark Jankowski Robby Fabbri Daniel Zaar 40 1 2 2
2 Tyler Bozak Anton Slepyshev Jesse Puljujarvi 30 1 2 2
3 Phil McRae Tyson Jost Adam Erne 20 1 2 2
4 Louis Leblanc Christian Thomas Kiefer Sherwood 10 1 2 2
5 vs 5 Defense
Defense Defense Time % Phy DF OF
1 Carl Gunnarsson Brett Lernout 40 1 2 2
2 Chris Bigras Scott Mayfield 30 1 2 2
3 Alexandre Carrier Philippe Myers 20 1 2 2
4 Gustav Olofsson Alexandre Carrier 10 1 2 2
PowerPlay Forward
Center Left Wing Right Wing Time % Phy DF OF
1 Tyler Bozak Anton Slepyshev Daniel Zaar 60 1 2 2
2 Mark Jankowski Robby Fabbri Adam Erne 40 1 2 2
PowerPlay Defense
Defense Defense Time % Phy DF OF
1 Carl Gunnarsson Chris Bigras 60 1 2 2
2 Brett Lernout Scott Mayfield 40 1 2 2
Penalty Kill 4 Players Forward
Center Wing Time % Phy DF OF
1 Phil McRae Anton Slepyshev 60 1 2 2
2 Mark Jankowski Robby Fabbri 40 1 2 2
Penalty Kill 4 Players Defense
Defense Defense Time % Phy DF OF
1 Carl Gunnarsson Scott Mayfield 60 1 2 2
2 Chris Bigras Philippe Myers 40 1 2 2
Penalty Kill - 3 Players Forward
Forward Time % Phy DF OF
1 Tyler Bozak 60 1 2 2
2 Mark Jankowski 40 1 2 2
Penalty Kill - 3 Players Defense
Defense Defense Time % Phy DF OF
1 Carl Gunnarsson Alexandre Carrier 60 1 2 2
2 Chris Bigras Scott Mayfield 40 1 2 2
4 vs 4 Forward
Center Wing Time % Phy DF OF
1 Tyler Bozak Anton Slepyshev 60 1 2 2
2 Mark Jankowski Robby Fabbri 40 1 2 2
4 vs 4 Defense
Defense Defense Time % Phy DF OF
1 Carl Gunnarsson Alexandre Carrier 60 1 2 2
2 Chris Bigras Scott Mayfield 40 1 2 2
Last Minutes Offensive
Center Left Wing Right Wing Defense Defense
Tyler Bozak Anton Slepyshev Daniel Zaar Carl Gunnarsson Scott Mayfield
Last Minutes Defensive
Center Left Wing Right Wing Defense Defense
Tyler Bozak Anton Slepyshev Daniel Zaar Carl Gunnarsson Scott Mayfield
Goaltenders
Starting : Carter Hart
Backup : Mark Visentin
Extra Forwards
Normal : Robby Fabbri, Jesse Puljujarvi, Tyson Jost - PP : Robby Fabbri, Phil McRae - PK : Robby Fabbri
Extra Defensemen
Normal : Chris Bigras, Gustav Olofsson, Philippe Myers - PP : Philippe Myers - PK : Philippe Myers, Gustav Olofsson
Penalty Shots
Tyler Bozak, Anton Slepyshev, Mark Jankowski, Daniel Zaar, Robby Fabbri
Scratches
Anders Bjork (Healthy), Cole Cassels (Healthy), Colin White (Healthy), Connor Hurley (Healthy), Emil Djuse (Healthy)
Jeremy Gregoire (Healthy), Jordan Subban (Healthy), Remi Elie (Healthy), Zac Leslie (Bruised Right Shoulder Injury), Clayton Keller (Healthy)
Nikolai Knyzhov (Healthy), Lucas Johansen (Healthy), Jack Campbell (Healthy)
% Time on Ice - Barracuda
Lines # - Real PCT - Wanted PCT - Time Play
Normal Forward
1 - 30% - 40% - 13:12
2 - 23% - 30% - 9:59
3 - 26% - 20% - 11:31
4 - 21% - 10% - 9:00
Normal Defense
1 - 36% - 40% - 15:37
2 - 28% - 30% - 12:15
3 - 21% - 20% - 9:09
4 - 15% - 10% - 6:41
PP Forward
1 - 56% - 60% - 5:48
2 - 44% - 40% - 4:29
PP Defense
1 - 55% - 60% - 5:40
2 - 45% - 40% - 4:37
PK Forward
1 - 71% - 60% - 4:15
2 - 29% - 40% - 1:44
PK Defense
1 - 55% - 60% - 3:18
2 - 45% - 40% - 2:41
PK3 Forward
1 - 0% - 60%
2 - 0% - 40%
PK3 Defense
1 - 0% - 60%
2 - 0% - 40%
44 Forward
1 - 100% - 60% - 0:02
2 - 0% - 40% - 0:00
44 Defense
1 - 100% - 60% - 0:02
2 - 0% - 40% - 0:00
Last Minute Offensive - 0:00
Last Minute Defensive - 0:00
Total
Forward - 60:00
Defense - 60:00
|
% Time on Ice - Condors
Lines # - Real PCT - Wanted PCT - Time Play
Normal Forward
1 - 27% - 40% - 11:49
2 - 28% - 30% - 12:25
3 - 24% - 20% - 10:36
4 - 20% - 10% - 8:52
Normal Defense
1 - 39% - 40% - 17:04
2 - 29% - 30% - 12:31
3 - 20% - 20% - 8:38
4 - 13% - 10% - 5:29
PP Forward
1 - 60% - 60% - 3:35
2 - 40% - 40% - 2:24
PP Defense
1 - 57% - 60% - 3:24
2 - 43% - 40% - 2:35
PK Forward
1 - 82% - 60% - 8:23
2 - 18% - 40% - 1:54
PK Defense
1 - 62% - 60% - 6:20
2 - 38% - 40% - 3:57
PK3 Forward
1 - 0% - 60%
2 - 0% - 40%
PK3 Defense
1 - 0% - 60%
2 - 0% - 40%
44 Forward
1 - 100% - 60% - 0:02
2 - 0% - 40% - 0:00
44 Defense
1 - 100% - 60% - 0:02
2 - 0% - 40% - 0:00
Last Minute Offensive - 0:00
Last Minute Defensive - 0:00
Total
Forward - 60:00
Defense - 60:00
|
Play-by-Play
1st period
0:01 of 1st period - Sam Carrick wins face-off versus Mark Jankowski in neutral zone.
1:17 of 1st period - Scott Mayfield is hit by Sam Carrick and loses puck.
1:37 of 1st period - Backhand shot by Mark Jankowski.
1:37 of 1st period - Shot Misses the Net.
1:45 of 1st period - Minor Penalty to Mario Lucia for Hooking.
1:46 of 1st period - Tyler Bozak wins face-off versus Alex Iafallo in Barracuda zone.
1:49 of 1st period - Snap shot by Daniel Zaar.
1:49 of 1st period - Goal by Daniel Zaar - Barracuda : 0 - Condors : 1.
1:50 of 1st period - Emil Pettersson wins face-off versus Tyler Bozak in neutral zone.
1:53 of 1st period - Alexandre Carrier is hit by William Carrier and loses puck.
3:02 of 1st period - Noah Gregor is hit by Tyler Bozak and loses puck.
3:31 of 1st period - Snap shot by Emil Pettersson.
3:31 of 1st period - Stopped by Carter Hart with a rebound.
3:43 of 1st period - Wrist shot by Kiefer Sherwood.
3:43 of 1st period - Shot Misses the Net.
3:57 of 1st period - Samuel Groulx is hit by Christian Thomas and loses puck.
4:48 of 1st period - Wrist shot by Louis Leblanc.
4:48 of 1st period - Shot Misses the Net.
5:20 of 1st period - Wrist shot by Brandon Kozun.
5:20 of 1st period - Shot Misses the Net.
5:22 of 1st period - Snap shot by David Shields.
5:22 of 1st period - Stopped by Carter Hart with a rebound.
5:24 of 1st period - Slapshot by Alex Iafallo.
5:24 of 1st period - Shot Misses the Net.
5:26 of 1st period - Slapshot by David Shields.
5:26 of 1st period - Shot Misses the Net.
5:34 of 1st period - Wrist shot by Alex Iafallo.
5:34 of 1st period - Shot Blocked by Louis Leblanc.
5:36 of 1st period - Slapshot by Samuel Groulx.
5:36 of 1st period - Deflect By Sam Carrick.
5:36 of 1st period - Shot Blocked by Louis Leblanc.
5:36 of 1st period - Puck is out of play.
5:37 of 1st period - Emil Pettersson wins face-off versus Mark Jankowski in Condors zone.
5:46 of 1st period - Snap shot by Emil Pettersson.
5:46 of 1st period - Goal by Emil Pettersson - Barracuda : 1 - Condors : 1.
5:47 of 1st period - Mark Jankowski wins face-off versus Emil Pettersson in neutral zone.
5:54 of 1st period - Wrist shot by Emil Pettersson.
5:54 of 1st period - Deflect By William Carrier.
5:54 of 1st period - Shot Misses the Net.
5:54 of 1st period - Puck is out of play.
5:55 of 1st period - Emil Pettersson wins face-off versus Robby Fabbri in Condors zone.
5:56 of 1st period - Snap shot by Markus Nutivaara.
5:56 of 1st period - Shot Blocked by Brett Lernout.
5:58 of 1st period - Wrist shot by William Carrier.
5:58 of 1st period - Shot Misses the Net.
6:20 of 1st period - Snap shot by Phil McRae.
6:20 of 1st period - Stopped by Joacim Eriksson with a rebound.
6:22 of 1st period - Slapshot by Carl Gunnarsson.
6:22 of 1st period - Stopped by Joacim Eriksson with a rebound.
6:24 of 1st period - Slapshot by Tyson Jost.
6:24 of 1st period - Shot Misses the Net.
6:26 of 1st period - Snap shot by Adam Erne.
6:26 of 1st period - Stopped by Joacim Eriksson with a rebound.
6:28 of 1st period - Snap shot by Carl Gunnarsson.
6:28 of 1st period - Stopped by Joacim Eriksson without a rebound.
6:29 of 1st period - Emil Pettersson wins face-off versus Tyler Bozak in Barracuda zone.
6:34 of 1st period - Slapshot by Justin Shugg.
6:34 of 1st period - Deflect By William Carrier.
6:34 of 1st period - Stopped by Carter Hart with a rebound.
6:39 of 1st period - Off-side.
6:40 of 1st period - Mark Jankowski wins face-off versus Theodor Blueger in neutral zone.
6:47 of 1st period - Snap shot by Daniel Zaar.
6:47 of 1st period - Stopped by Joacim Eriksson with a rebound.
7:48 of 1st period - Scott Mayfield is hit by Markus Nutivaara and loses puck.
8:27 of 1st period - Snap shot by Theodor Blueger.
8:27 of 1st period - Shot Misses the Net.
9:47 of 1st period - Minor Penalty to Alexandre Carrier for Roughing.
9:48 of 1st period - Sam Carrick wins face-off versus Phil McRae in Condors zone.
9:49 of 1st period - Slapshot by Alex Iafallo.
9:49 of 1st period - Stopped by Carter Hart with a rebound.
9:51 of 1st period - Slapshot by Markus Nutivaara.
9:51 of 1st period - Stopped by Carter Hart with a rebound.
9:53 of 1st period - Slapshot by Sam Carrick.
9:53 of 1st period - Shot Misses the Net.
9:57 of 1st period - Snap shot by Sam Carrick.
9:57 of 1st period - Stopped by Carter Hart with a rebound.
9:59 of 1st period - Slapshot by Markus Nutivaara.
9:59 of 1st period - Shot Blocked by Phil McRae.
10:01 of 1st period - Slapshot by Eric Gustafsson.
10:01 of 1st period - Shot Blocked by Carl Gunnarsson.
10:23 of 1st period - Slapshot by Emil Pettersson.
10:23 of 1st period - Shot Blocked by Anton Slepyshev.
11:00 of 1st period - Philippe Myers is hit by Brandon Kozun and loses puck.
11:17 of 1st period - Markus Nutivaara is hit by Louis Leblanc and loses puck.
11:47 of 1st period - Penalty to Alexandre Carrier is over, Alexandre Carrier is back on ice.
12:23 of 1st period - David Shields is hit by Louis Leblanc and loses puck.
12:42 of 1st period - Mario Lucia is hit by Adam Erne and loses puck.
13:41 of 1st period - Icing by Sam Carrick.
13:42 of 1st period - Tyler Bozak wins face-off versus Theodor Blueger in Barracuda zone.
14:05 of 1st period - Slapshot by Markus Nutivaara.
14:05 of 1st period - Stopped by Carter Hart with a rebound.
14:11 of 1st period - Backhand shot by Markus Nutivaara.
14:11 of 1st period - Shot Misses the Net.
15:12 of 1st period - Wrist shot by Cole Ully.
15:12 of 1st period - Shot Misses the Net.
15:58 of 1st period - Wrist shot by Mario Lucia.
15:58 of 1st period - Stopped by Carter Hart with a rebound.
16:00 of 1st period - Snap shot by Alex Henriksson.
16:00 of 1st period - Shot Blocked by Tyson Jost.
16:14 of 1st period - Brett Lernout is hit by Sam Carrick and loses puck.
16:51 of 1st period - Carl Gunnarsson is hit by Alex Henriksson and loses puck.
17:30 of 1st period - Snap shot by Brandon Kozun.
17:30 of 1st period - Deflect By Sam Carrick.
17:30 of 1st period - Shot Misses the Net.
17:30 of 1st period - Puck is out of play.
17:31 of 1st period - Sam Carrick wins face-off versus Robby Fabbri in Condors zone.
17:46 of 1st period - Snap shot by Brandon Kozun.
17:46 of 1st period - Stopped by Carter Hart with a rebound.
18:03 of 1st period - Tyler Bozak is hit by Justin Shugg and loses puck.
18:09 of 1st period - Icing by Tyler Bozak.
18:10 of 1st period - Tyler Bozak wins face-off versus Sam Carrick in Condors zone.
18:10 of 1st period - Anton Slepyshev is hit by Brandon Kozun.
18:58 of 1st period - Snap shot by Christian Thomas.
18:58 of 1st period - Stopped by Joacim Eriksson with a rebound.
19:00 of 1st period - Slapshot by Chris Bigras.
19:00 of 1st period - Shot Misses the Net.
19:16 of 1st period - Alexandre Carrier is hit by Mario Lucia and loses puck.
19:21 of 1st period - Snap shot by Alex Henriksson.
19:21 of 1st period - Stopped by Carter Hart without a rebound.
19:22 of 1st period - Sam Carrick wins face-off versus Mark Jankowski in Condors zone.
19:51 of 1st period - Wrist shot by William Carrier.
19:51 of 1st period - Shot Misses the Net.
Goals for this period are 1 for Barracuda vs 1 for Condors.
Shots for this period are 11 for Barracuda vs 7 for Condors.
2nd period
0:01 of 2nd period - Sam Carrick wins face-off versus Robby Fabbri in neutral zone.
0:04 of 2nd period - Brett Lernout is hit by Eric Gustafsson and loses puck.
0:21 of 2nd period - Minor Penalty to Brandon Kozun for Holding.
0:22 of 2nd period - Tyler Bozak wins face-off versus Alex Iafallo in Barracuda zone.
0:29 of 2nd period - Snap shot by Tyler Bozak.
0:29 of 2nd period - Stopped by Joacim Eriksson without a rebound.
0:30 of 2nd period - Tyler Bozak wins face-off versus Alex Iafallo in Barracuda zone.
1:03 of 2nd period - Alex Iafallo is hit by Mark Jankowski and loses puck.
1:22 of 2nd period - Wrist shot by William Carrier.
1:22 of 2nd period - Stopped by Carter Hart with a rebound.
2:04 of 2nd period - William Carrier is hit by Adam Erne and loses puck.
2:21 of 2nd period - Penalty to Brandon Kozun is over, Brandon Kozun is back on ice.
2:35 of 2nd period - Snap shot by Christian Thomas.
2:35 of 2nd period - Stopped by Joacim Eriksson with a rebound.
2:49 of 2nd period - Robin Norell is hit by Adam Erne and loses puck.
3:10 of 2nd period - Alexandre Carrier is hit by William Carrier and loses puck.
3:47 of 2nd period - Tyler Bozak is hit by Noah Gregor and loses puck.
4:20 of 2nd period - Wrist shot by Kiefer Sherwood.
4:20 of 2nd period - Shot Misses the Net.
6:23 of 2nd period - Minor Penalty to Anton Slepyshev for High sticking.
6:24 of 2nd period - Phil McRae wins face-off versus Brandon Kozun in Condors zone.
6:32 of 2nd period - Robby Fabbri is hit by Sam Carrick and loses puck.
6:39 of 2nd period - Slapshot by Alex Iafallo.
6:39 of 2nd period - Stopped by Carter Hart without a rebound.
6:40 of 2nd period - Sam Carrick wins face-off versus Phil McRae in Condors zone.
7:10 of 2nd period - Slapshot by Phil McRae.
7:10 of 2nd period - Stopped by Joacim Eriksson with a rebound.
7:16 of 2nd period - Snap shot by Robby Fabbri.
7:16 of 2nd period - Stopped by Joacim Eriksson with a rebound.
7:18 of 2nd period - Snap shot by Scott Mayfield.
7:18 of 2nd period - Deflect By Robby Fabbri.
7:18 of 2nd period - Shot Blocked by David Shields.
7:18 of 2nd period - Puck is out of play.
7:19 of 2nd period - Phil McRae wins face-off versus Sam Carrick in Barracuda zone.
7:34 of 2nd period - Chris Bigras is hit by Emil Pettersson and loses puck.
7:59 of 2nd period - Phil McRae is hit by Sam Carrick and loses puck.
8:23 of 2nd period - Penalty to Anton Slepyshev is over, Anton Slepyshev is back on ice.
8:38 of 2nd period - Snap shot by Cole Ully.
8:38 of 2nd period - Shot Misses the Net.
8:52 of 2nd period - Snap shot by Mario Lucia.
8:52 of 2nd period - Deflect By Alex Henriksson.
8:52 of 2nd period - Stopped by Carter Hart without a rebound.
8:53 of 2nd period - Noah Gregor wins face-off versus Tyler Bozak in Condors zone.
8:53 of 2nd period - Markus Nutivaara is hit by Scott Mayfield and loses puck.
9:04 of 2nd period - Snap shot by Alex Henriksson.
9:04 of 2nd period - Shot Misses the Net.
9:06 of 2nd period - Slapshot by Markus Nutivaara.
9:06 of 2nd period - Shot Misses the Net.
9:08 of 2nd period - Slapshot by Markus Nutivaara.
9:08 of 2nd period - Stopped by Carter Hart with a rebound.
9:18 of 2nd period - Scott Mayfield is hit by Brandon Kozun and loses puck.
9:45 of 2nd period - Snap shot by William Carrier.
9:45 of 2nd period - Stopped by Carter Hart with a rebound.
9:47 of 2nd period - Wrist shot by William Carrier.
9:47 of 2nd period - Stopped by Carter Hart with a rebound.
9:57 of 2nd period - Samuel Groulx is hit by Robby Fabbri and loses puck.
10:48 of 2nd period - Anton Slepyshev is hit by Markus Nutivaara and loses puck.
10:55 of 2nd period - Wrist shot by Emil Pettersson.
10:55 of 2nd period - Shot Misses the Net.
10:57 of 2nd period - Slapshot by Robin Norell.
10:57 of 2nd period - Deflect By Justin Shugg.
10:57 of 2nd period - Stopped by Carter Hart with a rebound.
10:59 of 2nd period - Wrist shot by Justin Shugg.
10:59 of 2nd period - Stopped by Carter Hart with a rebound.
11:13 of 2nd period - Slapshot by Sam Carrick.
11:13 of 2nd period - Shot Blocked by Chris Bigras.
11:15 of 2nd period - Wrist shot by Brandon Kozun.
11:15 of 2nd period - Shot Misses the Net.
11:35 of 2nd period - Kiefer Sherwood is hit by Cole Ully and loses puck.
11:48 of 2nd period - Mario Lucia is hit by Daniel Zaar and loses puck.
11:54 of 2nd period - Off-side.
11:55 of 2nd period - Mark Jankowski wins face-off versus Alex Henriksson in neutral zone.
12:17 of 2nd period - Snap shot by Markus Nutivaara.
12:17 of 2nd period - Stopped by Carter Hart without a rebound.
12:18 of 2nd period - Brandon Kozun wins face-off versus Phil McRae in Condors zone.
12:24 of 2nd period - Snap shot by Alex Iafallo.
12:24 of 2nd period - Shot Misses the Net.
12:34 of 2nd period - Snap shot by Sam Carrick.
12:34 of 2nd period - Stopped by Carter Hart without a rebound.
12:35 of 2nd period - Mark Jankowski wins face-off versus Emil Pettersson in Condors zone.
12:42 of 2nd period - Wrist shot by Robby Fabbri.
12:42 of 2nd period - Stopped by Joacim Eriksson with a rebound.
13:07 of 2nd period - Slapshot by Anton Slepyshev.
13:07 of 2nd period - Shot Blocked by Eric Gustafsson.
13:09 of 2nd period - Slapshot by Chris Bigras.
13:09 of 2nd period - Stopped by Joacim Eriksson with a rebound.
13:11 of 2nd period - Wrist shot by Tyler Bozak.
13:11 of 2nd period - Stopped by Joacim Eriksson with a rebound.
13:29 of 2nd period - Wrist shot by Christian Thomas.
13:29 of 2nd period - Shot Blocked by Markus Nutivaara.
13:31 of 2nd period - Snap shot by Kiefer Sherwood.
13:31 of 2nd period - Shot Blocked by Markus Nutivaara.
13:33 of 2nd period - Snap shot by Christian Thomas.
13:33 of 2nd period - Stopped by Joacim Eriksson with a rebound.
13:39 of 2nd period - Minor Penalty to Markus Nutivaara for Interference.
13:40 of 2nd period - Alex Iafallo wins face-off versus Tyler Bozak in Barracuda zone.
13:55 of 2nd period - Wrist shot by Tyler Bozak.
13:55 of 2nd period - Shot Misses the Net.
15:39 of 2nd period - Penalty to Markus Nutivaara is over, Markus Nutivaara is back on ice.
15:46 of 2nd period - David Shields is hit by Carl Gunnarsson.
15:54 of 2nd period - Snap shot by Christian Thomas.
15:54 of 2nd period - Shot Blocked by David Shields.
15:56 of 2nd period - Slapshot by Philippe Myers.
15:56 of 2nd period - Shot Blocked by Alex Henriksson.
16:06 of 2nd period - Snap shot by Phil McRae.
16:06 of 2nd period - Stopped by Joacim Eriksson with a rebound.
16:08 of 2nd period - Slapshot by Alexandre Carrier.
16:08 of 2nd period - Stopped by Joacim Eriksson with a rebound.
16:10 of 2nd period - Snap shot by Phil McRae.
16:10 of 2nd period - Stopped by Joacim Eriksson with a rebound.
16:12 of 2nd period - Slapshot by Tyson Jost.
16:12 of 2nd period - Shot Misses the Net.
16:14 of 2nd period - Wrist shot by Jesse Puljujarvi.
16:14 of 2nd period - Stopped by Joacim Eriksson without a rebound.
16:15 of 2nd period - Louis Leblanc wins face-off versus Emil Pettersson in Barracuda zone.
17:09 of 2nd period - Slapshot by Scott Mayfield.
17:09 of 2nd period - Stopped by Joacim Eriksson with a rebound.
17:17 of 2nd period - Slapshot by Adam Erne.
17:17 of 2nd period - Shot Misses the Net.
18:14 of 2nd period - Snap shot by Christian Thomas.
18:14 of 2nd period - Shot Blocked by Jerome Gauthier-Leduc.
18:16 of 2nd period - Slapshot by Christian Thomas.
18:16 of 2nd period - Stopped by Joacim Eriksson with a rebound.
18:18 of 2nd period - Snap shot by Kiefer Sherwood.
18:18 of 2nd period - Shot Blocked by Robin Norell.
18:24 of 2nd period - Minor Penalty to Theodor Blueger for Tripping.
18:25 of 2nd period - Alex Iafallo wins face-off versus Tyler Bozak in Barracuda zone.
18:54 of 2nd period - Wrist shot by Adam Erne.
18:54 of 2nd period - Shot Hit the Post.
18:58 of 2nd period - Wrist shot by Robby Fabbri.
18:58 of 2nd period - Deflect By William Carrier.
18:58 of 2nd period - Shot Misses the Net.
18:58 of 2nd period - Puck is out of play.
18:59 of 2nd period - Tyler Bozak wins face-off versus William Carrier in Barracuda zone.
Goals for this period are 0 for Barracuda vs 0 for Condors.
Shots for this period are 10 for Barracuda vs 14 for Condors.
3rd period
0:01 of 3rd period - Tyler Bozak wins face-off versus Alex Iafallo in neutral zone.
0:08 of 3rd period - Chris Bigras is hit by Sam Carrick and loses puck.
0:13 of 3rd period - Snap shot by Alex Iafallo.
0:13 of 3rd period - Stopped by Carter Hart with a rebound.
0:21 of 3rd period - Minor Penalty to Tyler Bozak for Cross-checking.
0:22 of 3rd period - Alex Iafallo wins face-off versus Robby Fabbri in Condors zone.
0:24 of 3rd period - Penalty to Theodor Blueger is over, Theodor Blueger is back on ice.
0:45 of 3rd period - Slapshot by Markus Nutivaara.
0:45 of 3rd period - Deflect By Alex Iafallo.
0:45 of 3rd period - Goal by Alex Iafallo - Barracuda : 2 - Condors : 1.
0:46 of 3rd period - Sam Carrick wins face-off versus Mark Jankowski in neutral zone.
0:50 of 3rd period - Wrist shot by Brandon Kozun.
0:50 of 3rd period - Shot Misses the Net.
0:52 of 3rd period - Wrist shot by Brandon Kozun.
0:52 of 3rd period - Goal by Brandon Kozun - Barracuda : 3 - Condors : 1.
0:53 of 3rd period - Mark Jankowski wins face-off versus Alex Iafallo in neutral zone.
0:58 of 3rd period - Snap shot by Mark Jankowski.
0:58 of 3rd period - Stopped by Joacim Eriksson with a rebound.
1:14 of 3rd period - Minor Penalty to Carl Gunnarsson for Roughing.
1:15 of 3rd period - Sam Carrick wins face-off versus Phil McRae in Condors zone.
3:14 of 3rd period - Penalty to Carl Gunnarsson is over, Carl Gunnarsson is back on ice.
4:14 of 3rd period - Wrist shot by Alex Henriksson.
4:14 of 3rd period - Stopped by Carter Hart with a rebound.
4:31 of 3rd period - Emil Pettersson is hit by Anton Slepyshev and loses puck.
4:44 of 3rd period - Alexandre Carrier is hit by Brandon Kozun and loses puck.
5:23 of 3rd period - Cole Ully is hit by Phil McRae and loses puck.
5:44 of 3rd period - Minor Penalty to Kiefer Sherwood for Cross-checking.
5:45 of 3rd period - Phil McRae wins face-off versus Sam Carrick in Condors zone.
6:38 of 3rd period - Off-side.
6:39 of 3rd period - Emil Pettersson wins face-off versus Mark Jankowski in neutral zone.
6:44 of 3rd period - Slapshot by Samuel Groulx.
6:44 of 3rd period - Shot Blocked by Mark Jankowski.
7:02 of 3rd period - Samuel Groulx is hit by Robby Fabbri.
7:30 of 3rd period - Sam Carrick is hit by Anton Slepyshev.
7:44 of 3rd period - Penalty to Kiefer Sherwood is over, Kiefer Sherwood is back on ice.
7:54 of 3rd period - Snap shot by Mark Jankowski.
7:54 of 3rd period - Stopped by Joacim Eriksson with a rebound.
7:56 of 3rd period - Wrist shot by Mark Jankowski.
7:56 of 3rd period - Shot Misses the Net.
7:58 of 3rd period - Snap shot by Mark Jankowski.
7:58 of 3rd period - Stopped by Joacim Eriksson with a rebound.
8:00 of 3rd period - Slapshot by Scott Mayfield.
8:00 of 3rd period - Deflect By Theodor Blueger.
8:00 of 3rd period - Stopped by Joacim Eriksson with a rebound.
8:02 of 3rd period - Snap shot by Mark Jankowski.
8:02 of 3rd period - Stopped by Joacim Eriksson with a rebound.
8:04 of 3rd period - Slapshot by Carl Gunnarsson.
8:04 of 3rd period - Deflect By Markus Nutivaara.
8:04 of 3rd period - Stopped by Joacim Eriksson with a rebound.
8:44 of 3rd period - Snap shot by Mark Jankowski.
8:44 of 3rd period - Shot Misses the Net.
9:06 of 3rd period - Slapshot by Mark Jankowski.
9:06 of 3rd period - Stopped by Joacim Eriksson without a rebound.
9:07 of 3rd period - Sam Carrick wins face-off versus Tyler Bozak in Barracuda zone.
9:19 of 3rd period - Wrist shot by Tyler Bozak.
9:19 of 3rd period - Shot Misses the Net.
9:35 of 3rd period - Wrist shot by Emil Pettersson.
9:35 of 3rd period - Shot Misses the Net.
9:37 of 3rd period - Wrist shot by Emil Pettersson.
9:37 of 3rd period - Shot Misses the Net.
9:39 of 3rd period - Backhand shot by Emil Pettersson.
9:39 of 3rd period - Stopped by Carter Hart with a rebound.
10:42 of 3rd period - Daniel Zaar is hit by David Shields and loses puck.
10:55 of 3rd period - Minor Penalty to Phil McRae for Slashing.
10:56 of 3rd period - Sam Carrick wins face-off versus Louis Leblanc in Condors zone.
11:01 of 3rd period - Snap shot by Alex Iafallo.
11:01 of 3rd period - Shot Misses the Net.
11:19 of 3rd period - Brandon Kozun is hit by Anton Slepyshev and loses puck.
12:54 of 3rd period - Robby Fabbri is hit by Brandon Kozun and loses puck.
12:55 of 3rd period - Penalty to Phil McRae is over, Phil McRae is back on ice.
13:08 of 3rd period - Icing by Jerome Gauthier-Leduc.
13:09 of 3rd period - Theodor Blueger wins face-off versus Phil McRae in Barracuda zone.
13:20 of 3rd period - Wrist shot by Phil McRae.
13:20 of 3rd period - Stopped by Joacim Eriksson with a rebound.
13:22 of 3rd period - Wrist shot by Carl Gunnarsson.
13:22 of 3rd period - Stopped by Joacim Eriksson with a rebound.
13:24 of 3rd period - Slapshot by Brett Lernout.
13:24 of 3rd period - Shot Misses the Net.
14:18 of 3rd period - Theodor Blueger is hit by Carl Gunnarsson and loses puck.
15:26 of 3rd period - Snap shot by Phil McRae.
15:26 of 3rd period - Stopped by Joacim Eriksson without a rebound.
15:27 of 3rd period - Sam Carrick wins face-off versus Mark Jankowski in Barracuda zone.
15:27 of 3rd period - Sam Carrick is hit by Robby Fabbri.
15:53 of 3rd period - Tyson Jost is hit by Eric Gustafsson.
16:03 of 3rd period - Snap shot by Theodor Blueger.
16:03 of 3rd period - Stopped by Carter Hart with a rebound.
16:59 of 3rd period - Slapshot by William Carrier.
16:59 of 3rd period - Shot Blocked by Jesse Puljujarvi.
17:01 of 3rd period - Slapshot by Samuel Groulx.
17:01 of 3rd period - Deflect By Jesse Puljujarvi.
17:01 of 3rd period - Stopped by Carter Hart without a rebound.
17:02 of 3rd period - Phil McRae wins face-off versus Sam Carrick in Condors zone.
17:39 of 3rd period - Slapshot by Samuel Groulx.
17:39 of 3rd period - Shot Blocked by Philippe Myers.
17:53 of 3rd period - Mario Lucia is hit by Louis Leblanc and loses puck.
18:04 of 3rd period - Icing by Noah Gregor.
18:05 of 3rd period - Phil McRae wins face-off versus Noah Gregor in Barracuda zone.
18:10 of 3rd period - Slapshot by Alexandre Carrier.
18:10 of 3rd period - Shot Misses the Net.
18:20 of 3rd period - Jerome Gauthier-Leduc is hit by Adam Erne and loses puck.
18:27 of 3rd period - Slapshot by Eric Gustafsson.
18:27 of 3rd period - Shot Misses the Net.
18:29 of 3rd period - Slapshot by Eric Gustafsson.
18:29 of 3rd period - Shot Misses the Net.
18:31 of 3rd period - Slapshot by Eric Gustafsson.
18:31 of 3rd period - Stopped by Carter Hart with a rebound.
18:33 of 3rd period - Slapshot by Eric Gustafsson.
18:33 of 3rd period - Deflect By Mario Lucia.
18:33 of 3rd period - Goal by Mario Lucia - Barracuda : 4 - Condors : 1.
18:34 of 3rd period - Mark Jankowski wins face-off versus Sam Carrick in neutral zone.
19:30 of 3rd period - Slapshot by Markus Nutivaara.
19:30 of 3rd period - Stopped by Carter Hart with a rebound.
19:32 of 3rd period - Wrist shot by Cole Ully.
19:32 of 3rd period - Shot Misses the Net.
19:34 of 3rd period - Wrist shot by Theodor Blueger.
19:34 of 3rd period - Goal by Theodor Blueger - Barracuda : 5 - Condors : 1.
19:35 of 3rd period - Sam Carrick wins face-off versus Mark Jankowski in neutral zone.
19:38 of 3rd period - Brett Lernout is hit by Brandon Kozun and loses puck.
Goals for this period are 4 for Barracuda vs 0 for Condors.
Shots for this period are 11 for Barracuda vs 10 for Condors.